 Dungeon Crawl Stone Soup version 0.21-a0-67-g3f13d09 (webtiles) character file.

371 Kidiri the Skirmisher (level 6, 0/84 HPs)
             Began as a Hill Orc Fighter on June 17, 2017.
             Slain by a phantom (5 damage)
             ... on level 4 of the Dungeon.
             The game lasted 00:08:39 (3265 turns).

Kidiri the Skirmisher (Hill Orc Fighter)            Turns: 3265, Time: 00:08:40

Health: 0/84       AC:  8    Str: 29    XL:     6   Next: 71%
Magic:  15/15      EV: 11    Int: 14    God:
Gold:   153        SH: 10    Dex: 10    Spells: 5/5 levels left

rFire    . . .     SeeInvis .   a - +0 long sword
rCold    . . .     Gourm    .   c - +0 shield
rNeg     . . .     Faith    .   b - +0 scale mail
rPois    .         Spirit   .   (no helmet)
rElec    +         Reflect  .   (no cloak)
rCorr    .         Harm     .   g - +0 pair of gloves
MR       .....     NoTele   +   (no boots)
Stlth    ..........             (no amulet)
HPRegen  0.24/turn              m - +3 ring of evasion
MPRegen  0.14/turn              u - ring of Ziffouh {-Tele rElec MP+9 Str+5 Int+4}

@: berserking, lethally poisoned (0 -> -8), hasted, very quick
A: no striking features
a: no special abilities


You were on level 4 of the Dungeon.
You were not hungry.

You visited 1 branch of the dungeon, and saw 4 of its levels.

You collected 153 gold pieces.

Inventory:

Hand Weapons
 a - a +0 long sword (weapon)
 w - the +4 Vampire's Tooth {vamp}
   (You found it on level 4 of the Dungeon)

   It inflicts no extra harm, but heals its wielder when it wounds a living foe.
Armour
 b - a +0 scale mail (worn)
 c - a +0 shield (worn)
 g - a +0 pair of gloves (worn)
Jewellery
 m - a +3 ring of evasion (left hand)
 u - the ring of Ziffouh (right hand) {-Tele rElec MP+9 Str+5 Int+4}
   (You found it on level 4 of the Dungeon)

   [ring of strength]

   It affects your strength (+5).
   It affects your intelligence (+4).
   It insulates you from electricity.
   It affects your magic capacity (+9).
   It prevents most forms of teleportation.
Wands
 p - a wand of acid (8/15)
Scrolls
 l - 2 scrolls of recharging
 r - a scroll of remove curse
 v - a scroll of enchant armour {unknown}
Potions
 d - 3 potions of might
 e - a potion of lignification
 i - 2 potions of agility
 n - a potion of haste
 s - a potion of berserk rage
 t - a potion of brilliance {unknown}
Comestibles
 f - 5 bread rations
 h - 3 fruits
 q - a royal jelly


   Skills:
 * Level 5.4 Fighting
 * Level 4.0 Long Blades
 * Level 4.4 Armour
 + Level 1.4 Dodging
 * Level 4.8 Shields


You had 5 spell levels left.
You didn't know any spells.

Dungeon Overview and Level Annotations

Branches:
Dungeon (4/15)
 Temple: D:4-7

Altars:
Ashenzari
Gozag
Yredelemnul
The Shining One

Shops:
D:4 }


Message History

The scorpion is almost dead.
* * * LOW HITPOINT WARNING * * *
You feel sick. The scorpion closely misses you.
Unknown command.
You closely miss the scorpion.
The scorpion is almost dead.
* * * LOW HITPOINT WARNING * * *
You feel sick.
The phantom blinks!
The scorpion completely misses you.
Unknown command.
You slash the scorpion!
You kill the scorpion!
Your Long Blades skill increases to level 4!
* * * LOW HITPOINT WARNING * * *
You feel sick.
Unknown command.
You hit the phantom.
The phantom is lightly damaged.
* * * LOW HITPOINT WARNING * * *
You feel sick. The phantom hits you.
You die...

####.........######
#...#.8..∩..8..... #
#...#####.###...... .
##.## #.# ##.#.## .# ...#
##.# #.... #.# # #..#
#..### ##..# # #.####..#
...
#########.##.[.W#####.#
.#.....##.##.##.@s.#..#
..........[...####..?##
..............# ##.##
..............# ....
..............# .......
..............# ........#
..<...........#.......>.#
..............#.........#
.#...........(#..$......#


You could see a phantom and a scorpion.

Vanquished Creatures
  A scorpion (D:4)
  2 vampire bats (D:4)
  An orc wizard (D:3)
  A worker ant (D:4)
  8 adders
  An ooze (D:4)
  5 worms (D:3)
  4 leopard geckos
  9 orcs
  3 giant cockroaches
  10 goblins
  7 hobgoblins
  10 jackals
  A quokka (D:2)
  12 bats
  A frilled lizard (D:2)
  8 kobolds
  10 rats
94 creatures vanquished.

Notes
Turn   | Place    | Note
-------+----------+-------------------------------------------
     0 | D:1      | Kidiri the Hill Orc Fighter began the quest for the Orb.
     0 | D:1      | Reached XP level 1. HP: 19/19 MP: 1/1
   121 | D:1      | Reached XP level 2. HP: 24/27 MP: 2/2
   636 | D:1      | Reached XP level 3. HP: 28/33 MP: 3/3
   825 | D:2      | Reached skill level 4 in Fighting
  1103 | D:2      | Reached XP level 4. HP: 38/40 MP: 4/4
  1183 | D:2      | Found a shattered altar of Ashenzari.
  1293 | D:2      | Reached skill level 1 in Dodging
  1852 | D:3      | Reached XP level 5. HP: 42/47 MP: 5/5
  1871 | D:3      | Found a glowing golden altar of the Shining One.
  2419 | D:3      | Reached skill level 5 in Fighting
  2458 | D:3      | Found a basalt altar of Yredelemnul.
  2458 | D:3      | Found an opulent altar of Gozag.
  2942 | D:4      | Got a brightly glowing bone ring
  2943 | D:4      | Identified the ring of Ziffouh {-Tele rElec MP+9 Str+5 Int+4} (You found it on level 4 of the Dungeon)
  2996 | D:4      | Reached XP level 6. HP: 56/56 MP: 6/6
  3196 | D:4      | Found Finis's Gadget Shoppe.
  3232 | D:4      | Noticed a phantom
  3265 | D:4      | Slain by a phantom

Vault maps used:
D:1:      eino_arrival_cavern_e, minmay_misc_feat_doors
D:2:      marbit_many_paths, kennysheep_generic_room_13
D:3:      tso_oasis_becter, gammafunk_temple_overflow_wave, first_bread
D:4:      old_forge, serial_shops, shop_statue,
          minmay_guarded_unrand_vampires_tooth

Skill      XL: |  1  2  3  4  5  6 |
---------------+-------------------+-----
Fighting       | 4 5 |  5.4
Long Blades    | 3 4 |  4.0
Dodging        | 1 |  1.4
Shields        | 4 |  4.8
Armour         | 4 |  4.4

Action                   |  1- 3 |  4- 6 || total
-------------------------+-------+-------++-------
Melee: Long sword        |   129 |   230 ||   359
  Use: Scroll            |     5 |     4 ||     9
       Potion            |       |     3 ||     3
  Eat: Chunk             |     1 |     7 ||     8
Armor: Scale mail        |    60 |    93 ||   153
       Plate armour      |    14 |       ||    14
Dodge: Dodged            |    67 |   104 ||   171
Block: Shield            |    76 |    99 ||   175
       Rpst.: Long sword |    23 |    32 ||    55
